 Dungeon Crawl Stone Soup version 0.23.0 (webtiles) character file.

Game seed: 5198100962082627282

53795 Gargoyl the Protected (level 14, -15/116 HPs)
             Began as a Centaur Abyssal Knight on Feb 9, 2019.
             Was a Priest of Lugonu.
             Demolished by a death yak (22 damage)
             ... on level 5 of the Lair of Beasts.
             The game lasted 00:50:20 (26528 turns).

Gargoyl the Protected (Centaur Abyssal Knight)     Turns: 26528, Time: 00:50:20

Health: -15/116    AC: 17    Str: 24    XL:     14   Next: 32%
Magic:  19/20      EV: 10    Int: 11    God:    Lugonu [***...]
Gold:   918        SH:  6    Dex: 15    Spells: 13/13 levels left

rFire    . . .     SeeInvis .   i - +3 hand axe (freeze)
rCold    . . .     Gourm    .   h - +2 buckler
rNeg     . . .     Faith    .   p - +1 chain mail
rPois    .         Spirit   .   (no helmet)
rElec    .         Reflect  .   r - scarf {cloud immunity}
rCorr    .         Harm     .   e - +1 pair of gloves {Dex+3}
MR       +....                  (no barding)
Stlth    ..........             s - amulet of regeneration
HPRegen  0.69/turn              y - +5 ring of strength
MPRegen  0.17/turn              g - +3 ring of protection

@: very quick
A: large, hooves 3, agile 1, deformed body, speed 2, low mp 1, tough skin 3,
MP-powered wands
a: Depart the Abyss, Bend Space, Banish, Renounce Religion


You were on level 5 of the Lair of Beasts.
You worshipped Lugonu.
Lugonu was most pleased with you.
You were not hungry.

You visited 2 branches of the dungeon, and saw 16 of its levels.
You visited the Abyss 2 times.
You also visited: Bailey.

You collected 918 gold pieces.

Inventory:

Hand Weapons
 i - a +3 hand axe of freezing (weapon)
 j - a +1 hand axe
 B - a +0 hand axe of flaming
Missiles
 v - 13 tomahawks (quivered)
Armour
 e - a +1 pair of gloves of dexterity (worn)
 h - a +2 buckler (worn)
 p - a +1 chain mail (worn)
 r - a scarf of cloud immunity (worn)
 x - a +0 cloak of magic resistance
Jewellery
 g - a +3 ring of protection (right hand)
 s - an amulet of regeneration (around neck)
 y - a +5 ring of strength (left hand)
Wands
 d - a wand of disintegration (6)
 o - a wand of digging (9)
 t - a wand of iceblast (12)
 w - a wand of paralysis (7)
 A - a wand of polymorph (6)
Scrolls
 b - 2 scrolls of identify
 f - 2 scrolls of fog
 k - a scroll of teleportation
 l - 2 scrolls of magic mapping
 u - 10 scrolls of remove curse
Potions
 n - a potion of cancellation
 q - 3 potions of haste
 z - a potion of brilliance
 C - 9 potions of curing
 D - a potion of magic
 F - 2 potions of flight
Comestibles
 a - 5 chunks of flesh
 c - 27 rations


   Skills:
 + Level 8.9 Fighting
 + Level 11.0 Axes
 + Level 2.3 Throwing
 * Level 11.7 Armour
 * Level 7.3 Dodging
 + Level 1.3 Shields
 * Level 11.7 Invocations
 + Level 1.8 Evocations


You had 13 spell levels left.
You didn't know any spells.
Your spell library contained the following spells:

 Spells                   Type           Power        Failure   Level  Hunger
 Animate Skeleton         Necr           N/A          91%         1    ##.....
 Confusing Touch          Hex            #.....       91%         1    ##.....
 Magic Dart               Conj           #...         91%         1    ##.....
 Pain                     Necr           #...         91%         1    ##.....
 Blink                    Tloc           N/A          97%         2    ###....
 Call Imp                 Summ           #.......     97%         2    ###....
 Slow                     Hex            #.......     97%         2    ###....
 Confuse                  Hex            #.......     100%        3    ####...
 Conjure Flame            Conj/Fire      #.......     100%        3    ####...
 Gell's Gravitas          Tloc           #.........   100%        3    ####...
 Ignite Poison            Fire/Tmut/Pois #.......     100%        3    ####...
 Mephitic Cloud           Conj/Pois/Air  #.......     100%        3    ####...
 Regeneration             Chrm/Necr      #.........   100%        3    ####...
 Vampiric Draining        Necr           #.........   100%        3    ####...
 Animate Dead             Necr           N/A          100%        4    #####..
 Petrify                  Tmut/Erth      #.......     100%        4    #####..
 Fireball                 Conj/Fire      #.........   100%        5    ######.
 Metabolic Englaciation   Hex/Ice        #.........   100%        5    ######.
 Yara's Violent Unravell  Hex/Tmut       #.........   100%        5    ######.
 Bolt of Fire             Conj/Fire      #.........   100%        6    #######
 Ring of Flames           Chrm/Fire      #.........   100%        7    #######
 Ignition                 Fire           #.........   100%        8    #######


Dungeon Overview and Level Annotations

Branches:
Dungeon (10/15)            Temple (0/1) D:5            Lair (6/6) D:10
  Swamp (0/4) Lair:4       Spider (0/4) Lair:3
  Slime: Lair:5-6       Orc: D:9-12

Altars:
Ashenzari
Zin

Shops:
D:4 =   D:8 (

Annotations:
D:6 1 runed translucent door
Lair:1 3 runed translucent doors, Ezendos's ghost, journeyman MfGl


Innate Abilities, Weirdness & Mutations

You have hooves in place of feet.
Armour fits poorly on your strangely shaped body.
You cover ground very quickly.
You have extremely tough skin. (AC +3)
You are agile. (Dex +2)
Your magical capacity is low. (-10% MP)
You expend magic power (3 MP) to strengthen your wands.


Message History

You hit the death yak but do no damage. Your kick misses the death yak.
The death yak is moderately wounded.
You block the death yak's attack.
You hit the death yak. You freeze the death yak. You kick the death yak.
The death yak is heavily wounded.
The death yak gores you.
* * * LOW HITPOINT WARNING * * *
You hit the death yak but do no damage. You kick the death yak.
The death yak is heavily wounded.
You hit the death yak but do no damage.
The death yak is heavily wounded.
The death yak gores you!!
* * * LOW HITPOINT WARNING * * *
You slash the death yak! You freeze the death yak. You kick the death yak.
The death yak is severely wounded.
You block the death yak's attack. Space bends around you!
You blink.
The yak gores you.
* * * LOW HITPOINT WARNING * * *
The death yak gores you!!
You die...

...# #......####### ..#####
#.....###P##.# ......#
#...<.......## .....##
##...##......# .....P#######
###.......PP..P. ....<.##.(..#
#............... ............####
#...............
....(.......##§###...............
.............##Y@................
.............##Y.##..............
............P....#...............
.............P..##...............
................###...##.P.P.....
............##..##..#≈≈≈≈≈#......
..............#...#.≈≈≈≈≈≈#......
.............##..##.≈≈≈≈≈≈≈#.....
.............#..###.#≈≈≈≈≈≈≈.....


You could see a death yak and a yak.

Vanquished Creatures
  A dire elephant (Lair:4)
  5 hydras
  Erica (D:8)
  10 death yaks
  A two-headed ogre (D:10)
  An ugly thing (D:10)
  A deep elf mage (Bailey)
  Joseph (D:8)
  Maurice (D:7)
  A black mamba (Lair:5)
  19 elephants
  21 spiny frogs
  A rime drake (Lair:4)
  A torpor snail (Lair:5)
  8 komodo dragons
  A polar bear (Lair:4)
  8 dream sheep
  16 blink frogs
  7 hippogriffs
  Sigmund (D:6)
  A spriggan (Lair:4)
  2 redbacks (Lair:3)
  A wyvern (Lair:3)
  45 yaks
  4 basilisks
  6 vampire mosquitoes
  2 soldier ants
  4 porcupines
  10 water moccasins
  A swamp drake (Lair:3)
  An orc warrior (D:10)
  3 phantoms
  4 ogres
  A small abomination (Abyss:1)
  8 wolves
  10 crocodiles
  3 big kobolds (D:10)
  21 bullfrogs
  2 scorpions (D:5)
  33 killer bees
  An electric eel (Lair:5)
  4 howler monkeys
  2 crimson imps
  A bullfrog zombie (D:8)
  2 quasits
  3 jellies
  4 orc priests
  5 hounds
  A centaur skeleton (D:6)
  9 orc wizards
  4 bullfrog skeletons
  2 iguanas (Lair:3)
  Natasha (thrice) (D:2)
  8 worker ants
  A hound skeleton (D:5)
  8 adders
  7 gnolls
  2 shadow imps (D:10)
  12 white imps (Lair:2)
  2 oozes (D:1)
  An adder zombie (D:6)
  An adder skeleton (D:3)
  4 worms
  2 dart slugs (D:1)
  4 leopard geckos
  29 orcs
  6 bats
  4 giant cockroaches
  17 goblins
  6 hobgoblins
  26 jackals
  A quokka (D:8)
  3 frilled lizards
  6 kobolds
  2 quokka skeletons
  6 rats
  3 fungi
  A plant (Lair:4)
471 creatures vanquished.

Vanquished Creatures (others)
  A hydra (Lair:5)
  The ghost of espenoss the Magician, a novice GnSk of Okawaru (D:9)
  An elephant (D:10)
  A spiny frog (Lair:6)
  A komodo dragon (Lair:1)
  A queen bee (Lair:1)
  A troll (D:10)
  A tyrant leech (Lair:5)
  A vampire (D:10)
  A water moccasin (D:5)
  2 soldier ants (D:5)
  An orc warrior (D:7)
  A porcupine (Lair:4)
  2 killer bees
  45 fungi
  46 plants
107 creatures vanquished.

Grand Total: 578 creatures vanquished

Notes
Turn   | Place    | Note
-------+----------+-------------------------------------------
     0 | Abyss:1  | Gargoyl the Centaur Abyssal Knight began the quest for the
                  | Orb.
     0 | Abyss:1  | Reached XP level 1. HP: 19/19 MP: 2/2
     9 | Abyss:1  | Found a corrupted altar of Lugonu.
    71 | Abyss:1  | Noticed a starcursed mass
    92 | Abyss:1  | Noticed a sixfirhy
    97 | D:1      | Escaped the Abyss
   355 | D:1      | Reached XP level 2. HP: 24/26 MP: 3/3
   400 | D:1      | Reached * piety under Lugonu
   473 | D:1      | Reached skill level 1 in Dodging
   627 | D:1      | Reached XP level 3. HP: 19/31 MP: 4/4
  1489 | D:2      | Reached XP level 4. HP: 38/38 MP: 5/5
  1548 | D:2      | Reached ** piety under Lugonu
  1670 | D:2      | Noticed Natasha
  1693 | D:2      | Killed Natasha
  1693 | D:2      | Reached XP level 5. HP: 24/45 MP: 5/7
  1749 | D:2      | Noticed Natasha
  1765 | D:2      | Killed Natasha
  2104 | D:2      | Noticed Natasha
  2120 | D:2      | Killed Natasha
  2757 | D:4      | Reached XP level 6. HP: 50/52 MP: 8/8
  3103 | D:4      | Found Wuyjuqeh's Jewellery Shoppe.
  3413 | D:5      | Entered Level 5 of the Dungeon
  3532 | D:5      | Reached *** piety under Lugonu
  3764 | D:5      | Reached XP level 7. HP: 52/58 MP: 9/9
  3924 | D:5      | Found a staircase to the Ecumenical Temple.
  4950 | D:6      | Reached **** piety under Lugonu
  4983 | D:6      | Found a runed translucent door.
  4991 | D:6      | Found a runed translucent gate.
  4993 | D:6      | Found a runed translucent gate.
  4993 | D:6      | Found a runed translucent gate.
  4993 | D:6      | Noticed Sigmund
  5022 | D:6      | Found a runed translucent door.
  5030 | D:6      | Found the +9 staff of Olgreb {rPois}
  5048 | D:6      | Reached XP level 8. HP: 67/67 MP: 11/11
  5669 | D:7      | Reached skill level 5 in Axes
  6877 | D:8      | Reached skill level 5 in Armour
  6892 | D:8      | Noticed Erica
  6914 | D:8      | Killed Erica
  6914 | D:8      | Reached skill level 5 in Invocations
  6914 | D:8      | Reached XP level 9. HP: 37/73 MP: 12/12
  7228 | D:8      | Found a glowing silver altar of Zin.
  7237 | D:8      | Noticed Maurice
  7393 | D:8      | Noticed Joseph
  7607 | D:8      | Killed Joseph
  7607 | D:8      | Reached skill level 5 in Fighting
  7932 | D:8      | Found Koca's Antique Weapon Emporium.
  8745 | D:7      | Killed Maurice
  9023 | D:9      | HP: 5/111 [poisoned by a killer bee]
  9028 | D:9      | HP: 5/111 [poisoned by a killer bee]
  9035 | D:9      | HP: 4/111 [poisoned by a killer bee]
  9043 | D:9      | HP: 5/111 [poisoned by a killer bee]
  9852 | D:9      | Found a runed translucent gate.
  9853 | D:9      | Found a runed translucent gate.
  9853 | D:9      | Found a runed translucent gate.
  9854 | D:9      | Noticed espenoss's ghost (novice GnSk)
  9858 | D:9      | Banished espenoss's ghost
  9907 | D:9      | Reached XP level 10. HP: 64/81 MP: 14/14
 10117 | D:10     | Entered Level 10 of the Dungeon
 10187 | D:10     | Noticed a purple ugly thing
 10399 | D:10     | Found a shattered altar of Ashenzari.
 10496 | D:10     | Found a flagged portal.
 10505 | Bailey   | Entered a bailey
 10776 | Bailey   | Noticed a deep elf mage
 10794 | Bailey   | Killed a deep elf mage
 10961 | Bailey   | Noticed a deep elf mage
 10962 | Bailey   | Noticed a deep elf mage
 10962 | Bailey   | Noticed a deep elf mage
 10963 | Bailey   | Noticed a deep elf mage
 10963 | Bailey   | Noticed a deep elf mage
 11395 | D:10     | Noticed an elephant
 11396 | D:10     | Found a staircase to the Lair.
 11399 | D:10     | Banished an elephant
 11903 | D:10     | Got a warped lapis lazuli ring
 11937 | D:10     | Identified the cursed ring of Joy {+Blink rN+++ Str-5 Int-2
                  | Slay-5} (You found it on level 10 of the Dungeon)
 12026 | D:10     | Noticed a two-headed ogre
 12033 | D:10     | Killed a two-headed ogre
 12223 | D:10     | Killed a purple ugly thing
 12393 | D:10     | Reached XP level 11. HP: 86/89 MP: 16/16
 12743 | D:10     | Noticed a two-headed hydra
 12748 | D:10     | Killed a one-headed hydra
 12748 | D:10     | Reached skill level 1 in Throwing
 12748 | D:10     | Reached skill level 5 in Dodging
 13190 | Lair:1   | Entered Level 1 of the Lair of Beasts
 13498 | Lair:1   | Found a runed translucent gate.
 13498 | Lair:1   | Noticed a five-headed hydra
 13499 | Lair:1   | Found a runed translucent gate.
 13499 | Lair:1   | Found a runed translucent gate.
 13499 | Lair:1   | Noticed Ezendos's ghost (journeyman MfGl)
 14059 | D:6      | Killed Sigmund
 14384 | D:6      | Gained mutation: You are agile. (Dex +2) [potion of
                  | mutation]
 14384 | D:6      | Gained mutation: Your magical capacity is low. (-10% MP)
                  | [potion of mutation]
 14384 | D:6      | Gained mutation: You expend magic power (3 MP) to
                  | strengthen your wands. [potion of mutation]
 14729 | Lair:1   | You fall through a shaft!
 15100 | Lair:1   | HP: 4/91 [poisoned by a killer bee]
 15105 | Lair:1   | HP: 2/91 [poisoned by a killer bee]
 15110 | Lair:1   | HP: 3/91 [poisoned by a killer bee]
 15117 | Lair:1   | HP: 4/91 [poisoned by a killer bee]
 15323 | Lair:1   | Noticed a four-headed hydra
 15338 | Lair:1   | Killed a one-headed hydra
 16237 | Lair:1   | Reached XP level 12. HP: 83/97 MP: 16/16
 16633 | Lair:1   | HP: 4/100 [poisoned by a queen bee]
 16638 | Lair:1   | HP: 3/100 [poisoned by a queen bee]
 16643 | Lair:1   | HP: 2/100 [poisoned by a queen bee]
 16648 | Lair:1   | HP: 2/100 [poisoned by a queen bee]
 16653 | Lair:1   | HP: 4/100 [poisoned by a queen bee]
 18316 | Lair:3   | Noticed a five-headed hydra
 18324 | Lair:3   | Killed a one-headed hydra
 18455 | Lair:3   | Reached skill level 10 in Armour
 18968 | Lair:3   | Reached ***** piety under Lugonu
 19178 | Lair:3   | Found a hole to the Spider Nest.
 20584 | Abyss:1  | Reached skill level 10 in Invocations
 20584 | Abyss:1  | Reached XP level 13. HP: 33/107 MP: 12/18
 20645 | Abyss:1  | Noticed a starcursed mass
 20645 | Lair:4   | Escaped the Abyss
 20955 | Lair:3   | Reached skill level 10 in Axes
 21356 | Lair:4   | Found a staircase to the Swamp.
 21808 | Lair:4   | Noticed a dire elephant
 22049 | Lair:4   | Killed a dire elephant
 22083 | Lair:4   | Reached skill level 1 in Evocations
 24417 | Lair:6   | Entered Level 6 of the Lair of Beasts
 25026 | Lair:6   | Reached XP level 14. HP: 116/116 MP: 20/20
 25046 | Lair:6   | Reached skill level 1 in Shields
 26528 | Lair:5   | Demolished by a death yak

Skill      XL: |  1  2  3  4  5  6  7  8  9 10 11 12 13 14 |
---------------+-------------------------------------------+-----
Axes           | 2 3 4 6 7 8 9 10 11 | 11.0
Dodging        | 1 2 3 4 5 6 7 |  7.3
Armour         | 2 3 4 5 6 7 9 10 11 | 11.7
Invocations    | 3 4 5 6 7 8 10 11 | 11.7
Fighting       | 4 5 6 7 8 |  8.9
Throwing       | 1 2 |  2.3
Evocations     | 1 |  1.8
Shields        | 1 |  1.3

Action                   |  1- 3 |  4- 6 |  7- 9 | 10-12 | 13-15 || total
-------------------------+-------+-------+-------+-------+-------++-------
Melee: Hand axe          |    83 |   171 |   378 |  1194 |   715 ||  2541
       Kick              |    16 |    35 |    85 |   398 |   358 ||   892
Throw: Tomahawk          |       |       |       |    33 |     6 ||    39
Invok: Depart the Abyss  |     1 |       |       |       |     1 ||     2
       Banish            |       |       |     3 |    14 |    16 ||    33
       Bend Space        |       |       |       |     1 |     1 ||     2
       Enter the Abyss   |       |       |       |     1 |       ||     1
Evoke: Wand              |       |       |     7 |     2 |    20 ||    29
  Use: Scroll            |     1 |     6 |     5 |    19 |     1 ||    32
       Potion            |       |     1 |     7 |     6 |     4 ||    18
 Stab: Confused          |       |       |       |       |     3 ||     3
       Distracted        |       |       |       |       |     1 ||     1
  Eat: Chunk             |       |     7 |     4 |    19 |    10 ||    40
       Ration            |       |     1 |     3 |     5 |     4 ||    13
Armor: Leather armour    |    10 |       |       |       |       ||    10
       Scale mail        |    44 |    59 |       |       |       ||   103
       Chain mail        |       |    52 |   241 |   652 |   384 ||  1329
       Skin              |       |    19 |    39 |    24 |       ||    82
Dodge: Dodged            |    62 |    50 |    84 |   455 |   327 ||   978
Block: Buckler           |       |       |       |       |   106 ||   106
